 Dungeon Crawl Stone Soup version 0.20-a0-1124-g2e29d97 (webtiles) character file.

7772 Naow the Thaumaturge (level 11, 0/60 HPs)
             Began as a Deep Elf Fire Elementalist on May 16, 2017.
             Was a Believer of Vehumet.
             Succumbed to a killer bee's poison
             ... on level 10 of the Dungeon.
             The game lasted 00:22:17 (13714 turns).

Naow the Thaumaturge (Deep Elf Fire Elementalist)  Turns: 13714, Time: 00:22:17

Health: 0/60       AC:  8    Str:  5    XL:     11   Next: 1%
Magic:  2/28       EV: 14    Int: 31    God:    Vehumet [**....]
Gold:   487        SH:  0    Dex: 15    Spells: 12/33 levels left

rFire    . . .     SeeInvis +   G - staff of earth
rCold    + . .     Gourm    +   (no shield)
rNeg     . . .     Faith    .   J - +1 leather armour of the Barber Surgeon {rC+ Int+7 SInv}
rPois    .         Spirit   .   (no helmet)
rElec    .         Reflect  .   x - +2 cloak
rCorr    .         Harm     .   q - +0 pair of gloves
MR       +....                  (no boots)
Stlth    ++........             O - amulet of the gourmand
Regen    0.2/turn               (no ring)
MPRegen  0.3/turn               (no ring)

@: lethally poisoned (0 -> -3), invisible
A: no striking features
a: Renounce Religion


You were on level 10 of the Dungeon.
You worshipped Vehumet.
Vehumet was pleased with you.
You were not hungry.

You visited 2 branches of the dungeon, and saw 11 of its levels.

You collected 487 gold pieces.

Inventory:

Hand Weapons
 h - a -3 dagger
Armour
 a - a +0 robe
 l - a +0 buckler
 p - a +0 cloak
 q - a +0 pair of gloves (worn)
 x - a +2 cloak (worn)
 J - the +1 leather armour of the Barber Surgeon (worn) {rC+ Int+7 SInv}
   (You found it on level 7 of the Dungeon)

   It affects your intelligence (+7).
   It protects you from cold.
   It lets you see invisible.
Magical Staves
 G - an uncursed staff of earth (weapon)
Jewellery
 t - an uncursed ring of ice
 L - an uncursed ring of ice
 O - an amulet of the gourmand (around neck)
Wands
 v - a wand of polymorph (8/24)
 w - a wand of iceblast (5/15)
 K - a wand of iceblast (10/15)
 M - a wand of confusion (32/48)
Scrolls
 e - 2 scrolls of blinking
 g - 6 scrolls of remove curse
 o - 2 scrolls of enchant armour {unknown}
 r - 2 scrolls of teleportation {unknown}
 y - 7 scrolls of identify {unknown}
 C - a scroll of holy word {unknown}
 D - a scroll of enchant weapon {unknown}
 H - 2 scrolls of fear {unknown}
 N - a scroll of magic mapping {unknown}
Potions
 d - a potion of might {unknown}
 f - a potion of lignification {unknown}
 j - 3 potions of haste
 k - 2 potions of mutation {unknown}
 m - 2 potions of agility
 z - 2 potions of invisibility
 B - a potion of heal wounds {unknown}
 F - 2 potions of flight {unknown}
 I - a potion of resistance {unknown}
Books
 b - a book of Flames

   Spells                             Type                      Level
   a - Flame Tongue                   Conjuration/Fire             1
   b - Throw Flame                    Conjuration/Fire             2
   c - Conjure Flame                  Conjuration/Fire             3
   d - Inner Flame                    Hexes/Fire                   3
   e - Sticky Flame                   Conjuration/Fire             4
   f - Fireball                       Conjuration/Fire             5
 u - a book of Geomancy

   Spells                             Type                      Level
   a - Sandblast                      Earth                        1
   b - Passwall                       Transmutation/Earth          2
   c - Stone Arrow                    Conjuration/Earth            3
   d - Petrify                        Transmutation/Earth          4
   e - Lee's Rapid Deconstruction     Earth                        5
 E - a book of Frost

   Spells                             Type                      Level
   a - Freeze                         Ice                          1
   b - Throw Frost                    Conjuration/Ice              2
   c - Ozocubu's Armour               Charms/Ice                   3
   d - Throw Icicle                   Conjuration/Ice              4
   e - Summon Ice Beast               Ice/Summoning                4
Comestibles
 c - 5 bread rations
 n - 14 fruits
 s - 4 meat rations
 A - a royal jelly


   Skills:
 + Level 3.2 Fighting
 + Level 5.3 Dodging
 - Level 2.4 Stealth
 - Level 11.8 Spellcasting
 + Level 10.6 Conjurations
 - Level 10.3 Fire Magic


You had 12 spell levels left.
You knew the following spells:

 Your Spells              Type           Power        Failure   Level  Hunger
a - Flame Tongue          Conj/Fire      #####        1%          1    None
b - Throw Flame           Conj/Fire      ######       1%          2    None
c - Conjure Flame         Conj/Fire      ######..     1%          3    None
d - Sticky Flame          Conj/Fire      ######..     1%          4    None
e - Fireball              Conj/Fire      ######....   1%          5    ##.....
f - Stone Arrow           Conj/Erth      ######       1%          3    None
g - Mephitic Cloud        Conj/Pois/Air  #####...     3%          3    None


Dungeon Overview and Level Annotations

Branches:
Dungeon (10/15)            Temple (1/1) D:5            Lair (0/6) D:8
    Orc: D:9-12

Altars:
Ashenzari
Cheibriados
Dithmenos
Elyvilon
Fedhas
Gozag
Hepliaklqana
Kikubaaqudgha
Makhleb
Nemelex Xobeh
Okawaru
Qazlal
Ru
Sif Muna
Trog
Uskayaw
Vehumet
Wu Jian
Xom
Yredelemnul
Zin
The Shining One

Shops:
D:6 *


Message History

* * * LOW HITPOINT WARNING * * *
You feel better. The killer bee barely misses you. The killer bee stings you!
* * * LOW HITPOINT WARNING * * *
Casting: Flame Tongue
Confirm with . or Enter, or press ? or * to list all spells.
You don't have enough magic to cast that spell.
Unknown command.
Okay, then.
Aiming: Confuse (will waste charges)
Press: ? - help, Shift-Dir - straight line, f/p - killer bee
Aim: a killer bee (lightly wounded, chance to defeat MR: 54%)
The killer bee appears confused.
Evoking this partially-identified wand wasted a few charges.
The killer bee stings you.
* * * LOW HITPOINT WARNING * * *
You are lethally poisoned!
The killer bee poisons you! The killer bee closely misses you.
It was a potion of invisibility.
You fade into invisibility!
You die...

####.#### .. ....
#.......# ..[ #.. ..
#.##.##.# ....
#.###†... # #.##.#
.....###.†.yy... #
#.##.#
...l.)...#######
#.##.##)# ....###y##
#.......# # #.#
####.#### ### #y#
#.#########@## #†#
#........#y#†#####.#
#..#####..###..†...#
#......†...#.#######
##.#####.##.##
#.......####
#########


You could see a killer bee (confused).

Vanquished Creatures
  2 two-headed ogres
  An unseen horror (D:10)
  A centaur zombie (D:7)
  A troll (D:9)
  Grinder (D:5)
  A hornet (shapeshifter) (D:9)
  Sigmund (D:3)
  A hippogriff (D:7)
  The ghost of WhatIsLove the Shield-Bearer, an amateur FoFi (D:4)
  2 humans (D:8)
  A water moccasin (D:4)
  An orc warrior (D:8)
  4 sky beasts
  A black bear (D:7)
  An eye of draining (D:9)
  2 ice beasts (D:7)
  2 phantoms
  5 ogres
  2 centaurs
  9 bullfrogs
  2 scorpions
  10 killer bees (D:10)
  3 wights (D:8)
  2 howler monkeys
  5 crimson imps
  3 jellies (D:2)
  4 hounds
  3 orc priests
  Crazy Yiuf (D:3)
  2 bullfrog skeletons
  A bullfrog zombie (D:10)
  A centaur skeleton (D:6)
  A gnoll shaman (D:6)
  Ijyb (D:5)
  4 orc wizards
  Natasha (thrice) (D:4 D:6)
  6 worker ants
  2 hound zombies
  2 hound skeletons
  9 gnolls
  10 adders
  A shadow imp (D:6)
  11 oozes
  An adder skeleton (D:9)
  An adder zombie (D:7)
  5 worms
  3 leopard geckos
  19 orcs
  6 bats
  7 giant cockroaches
  2 goblins
  12 hobgoblins
  18 jackals
  6 quokkas
  3 frilled lizards
  12 kobolds
  2 quokka skeletons
  8 rats
232 creatures vanquished.

Vanquished Creatures (others)
  10 toadstools (D:2)
10 creatures vanquished.

Grand Total: 242 creatures vanquished

Notes
Turn   | Place    | Note
-------+----------+-------------------------------------------
     0 | D:1      | Naow the Deep Elf Fire Elementalist began the quest for the Orb.
     0 | D:1      | Reached XP level 1. HP: 10/10 MP: 6/6
   449 | D:1      | Reached XP level 2. HP: 15/15 MP: 6/8
  1218 | D:1      | Reached XP level 3. HP: 14/19 MP: 5/10
  1331 | D:1      | Learned a level 2 spell: Throw Flame
  1335 | D:1      | Learned a level 3 spell: Conjure Flame
  1608 | D:2      | Reached skill level 4 in Spellcasting
  1929 | D:2      | Reached XP level 4. HP: 16/24 MP: 0/12
  2105 | D:2      | Reached XP level 5. HP: 28/28 MP: 3/14
  2328 | D:2      | Reached skill level 5 in Spellcasting
  2497 | D:2      | Learned a level 4 spell: Sticky Flame
  2959 | D:2      | Found a bloodstained altar of Trog.
  3288 | D:3      | Reached skill level 5 in Fire Magic
  3390 | D:3      | Found a glowing golden altar of the Shining One.
  3532 | D:3      | Reached XP level 6. HP: 21/32 MP: 3/16
  3540 | D:3      | Learned a level 5 spell: Fireball
  3780 | D:3      | Found a runed door.
  4238 | D:3      | Noticed Sigmund
  4247 | D:3      | Killed Sigmund
  4247 | D:3      | Reached skill level 6 in Spellcasting
  4353 | D:3      | Found a blossoming altar of Fedhas.
  4546 | D:3      | Noticed Crazy Yiuf
  4553 | D:3      | Killed Crazy Yiuf
  4775 | D:4      | Reached XP level 7. HP: 36/36 MP: 11/18
  4898 | D:4      | Found a shattered altar of Ashenzari.
  5050 | D:4      | Found a hazy altar of Hepliaklqana.
  5051 | D:4      | Found a hide-covered altar of Uskayaw.
  5088 | D:4      | Noticed Natasha
  5090 | D:4      | Killed Natasha
  5346 | D:4      | Found a stormy altar of Qazlal.
  5510 | D:4      | Reached skill level 5 in Conjurations
  5695 | D:4      | Noticed WhatIsLove's ghost (amateur FoFi)
  5700 | D:4      | Killed WhatIsLove's ghost
  5700 | D:4      | Reached skill level 7 in Spellcasting
  5939 | D:5      | Entered Level 5 of the Dungeon
  5993 | D:5      | Learned a level 3 spell: Stone Arrow
  6068 | D:5      | Noticed Ijyb
  6074 | D:5      | Killed Ijyb
  6524 | D:5      | Reached XP level 8. HP: 38/41 MP: 12/21
  6616 | D:5      | Noticed Grinder
  6634 | D:5      | Killed Grinder
  6634 | D:5      | Reached skill level 8 in Spellcasting
  7029 | D:5      | Found a staircase to the Ecumenical Temple.
  7155 | Temple   | Entered the Ecumenical Temple
  7225 | Temple   | Became a worshipper of Vehumet
  7467 | D:5      | Found a deep blue altar of Sif Muna.
  7604 | D:6      | Noticed Natasha
  7609 | D:6      | Killed Natasha
  7984 | D:6      | Found Qutwemae's Assorted Antiques.
  8340 | D:6      | Noticed Natasha
  8342 | D:6      | Killed Natasha
  8496 | D:6      | Reached skill level 9 in Spellcasting
  8574 | D:6      | Reached * piety under Vehumet
  8574 | D:6      | Offered knowledge of Shock by Vehumet.
  9126 | D:7      | Reached XP level 9. HP: 33/45 MP: 2/24
  9261 | D:7      | Reached skill level 10 in Spellcasting
  9866 | D:7      | Offered knowledge of Sting by Vehumet.
  9873 | D:7      | Reached ** piety under Vehumet
 10059 | D:7      | Found a snail-covered altar of Cheibriados.
 10914 | D:7      | Got an ancient leather armour
 10925 | D:7      | Identified the +1 leather armour of the Barber Surgeon {rC+ Int+7 SInv} (You found it on level 7 of the Dungeon)
 11016 | D:7      | Reached skill level 11 in Spellcasting
 11397 | D:8      | Found an iron altar of Okawaru.
 11411 | D:8      | Reached XP level 10. HP: 27/50 MP: 3/27
 11669 | D:8      | Found a staircase to the Lair.
 11873 | D:8      | Found a white marble altar of Elyvilon.
 12087 | D:8      | Reached skill level 10 in Fire Magic
 12437 | D:9      | Noticed a two-headed ogre
 12444 | D:9      | Killed a two-headed ogre
 12902 | D:9      | Reached skill level 1 in Fighting
 13347 | D:9      | Reached skill level 10 in Conjurations
 13394 | D:10     | Entered Level 10 of the Dungeon
 13403 | D:10     | Noticed a two-headed ogre
 13411 | D:10     | Killed a two-headed ogre
 13471 | D:10     | Noticed an unseen horror
 13475 | D:10     | Killed an unseen horror
 13475 | D:10     | Offered knowledge of Mephitic Cloud by Vehumet.
 13475 | D:10     | Reached skill level 5 in Dodging
 13480 | D:10     | Learned a level 3 spell: Mephitic Cloud
 13691 | D:10     | Reached XP level 11. HP: 57/60 MP: 6/28
 13713 | D:10     | HP: 1/60 [killer bee (4)]
 13714 | D:10     | Succumbed to a killer bee's poison

Vault maps used:
D:1:      evilmike_arrival_crescent
D:2:      cheibrodos_fertilizer, old_standard_altar, hangedman_decor_lopped,
          minmay_item_behind_shaft, small_statue_intersection
D:3:      fedhas_altar_fruit_tree, lemuel_crystal_altar, first_bread,
          uniq_sigmund, uniq_crazy_yiuf_cottage
D:4:      evilmike_ruin_ashenzari, gammafunk_temple_overflow_pools,
          grunt_qazlal_sundering, uniq_natasha
D:5:      minmay_temple_entry_nine_rooms, led_sif_pool, uniq_ijyb, uniq_grinder
D:6:      serial_shops, shop
D:7:      lemuel_coloured_pillars_altar
D:8:      okawaru_humans, lair_entry_dummy, basic_altar
Temple:   nicolae_temple_god_jail

Skill      XL: |  1  2  3  4  5  6  7  8  9 10 |
---------------+-------------------------------+-----
Fire Magic     | 4 5 6 8 9 10 | 10.3
Spellcasting   | 4 5 6 7 9 11 | 11.8
Conjurations   | 2 3 4 5 7 9 10 | 10.6
Fighting       | 3 |  3.2
Dodging        | 5 |  5.3
Stealth        | |  2.4

Action                   |  1- 3 |  4- 6 |  7- 9 | 10-12 || total
-------------------------+-------+-------+-------+-------++-------
Melee: Dagger            |    17 |       |     2 |       ||    19
       Unarmed           |     1 |       |       |       ||     1
 Cast: Flame Tongue      |    69 |    28 |    59 |    41 ||   197
       Throw Flame       |     7 |    76 |   193 |    62 ||   338
       Conjure Flame     |     1 |     2 |     3 |     4 ||    10
       Sticky Flame      |       |       |    15 |    12 ||    27
       Stone Arrow       |       |       |     8 |     3 ||    11
       Fireball          |       |       |     5 |     6 ||    11
Evoke: Wand              |       |       |       |     1 ||     1
  Use: Potion            |       |       |     3 |     3 ||     6
       Scroll            |       |       |     3 |       ||     3
  Eat: Chunk             |     2 |     5 |    15 |    11 ||    33
       Bread ration      |       |     1 |       |       ||     1
       Fruit             |       |       |     2 |       ||     2
       Meat ration       |       |       |     1 |       ||     1
Armor: Robe              |     5 |     1 |    10 |       ||    16
       Leather armour    |       |       |     1 |    11 ||    12
Dodge: Dodged            |    52 |     7 |    37 |    31 ||   127
